 Dungeon Crawl Stone Soup version 0.31-a0-152-g6aa68a64a1 (webtiles) character file.

Game seed: 10770763672050576390

50 qw the Shooter (level 3, -2/32 HPs)
             Began as a Naga Hunter on June 10, 2023.
             Slain by a hobgoblin (6 damage)
             ... led by Robin
             ... on level 2 of the Dungeon.
             The game lasted 00:00:14 (428 turns).

qw the Shooter (Naga Hunter)                         Turns: 428, Time: 00:00:15

Health: -2/32      AC:  2    Str: 13    XL:     3   Next: 79%
Magic:  3/3        EV:  9    Int:  9    God:
Gold:   15         SH:  0    Dex: 16    Spells: 2/2 levels left

rFire   . . .        a - +0 shortbow
rCold   . . .        (shield currently unavailable)
rNeg    . . .        c - +0 leather armour
rPois   +            (no helmet)
rElec   .            (no cloak)
rCorr   .            (no gloves)
SInv    +            (no barding)
Will    .....        (no amulet)
Stlth   ++           (no ring)
HPRegen 0.25/turn    (no ring)
MPRegen 0.08/turn

%: no passive effects
@: short of breath, very slow
A: AC +1, large, see invisible, deformed body, poison resistance, slowness 2,
spit poison 1, naga tail 1
a: Spit Poison


You were on level 2 of the Dungeon.
You visited 1 branch of the dungeon, and saw 2 of its levels.

You collected 15 gold pieces.


Innate Abilities, Weirdness & Mutations

Your serpentine skin is tough. (AC +1)
You have supernaturally acute eyesight. (SInv)
Armour fits poorly on your strangely shaped body.
Your system is resistant to poisons. (rPois)
You cover ground very slowly.
You can spit poison.
You have a snake-like lower body.


   Skills:
 - Level 2.0 Fighting
 + Level 4.9 Ranged Weapons
 - Level 1.5 Dodging
 - Level 1.5 Stealth


You had 2 spell levels left.
You didn't know any spells.
Your spell library was empty.

Inventory:

Hand Weapons
 a - a +0 shortbow (weapon)
Armour
 c - a +0 leather armour (worn)
Potions
 e - a potion of cancellation {unknown}

Dungeon Overview and Level Annotations

Branches:
Dungeon (2/15)

Altars:


Message History

The splash of poison hits Robin but does no damage.
Robin is moderately wounded.
Robin roars a battlecry!
You shoot an arrow.
The arrow hits Robin but does no damage.
Robin is moderately wounded.
A hobgoblin comes into view.
Robin closely misses you.
You shoot an arrow. The hobgoblin shouts!
The arrow hits Robin.
Robin is heavily wounded.
The hobgoblin no longer looks unusually strong.
Robin throws the goblin at you!
Robin roars a battlecry!
The goblins go into a battle-frenzy!
A goblin comes into view. It is wielding a +0 club.
You shoot an arrow. The arrow hits Robin!
You kill Robin!
A goblin comes into view. It is wielding a +0 club.
You shoot an arrow. The arrow hits the goblin!
You kill the goblin!
You shoot an arrow. The arrow hits the goblin.
The goblin is severely wounded.
You feel a little less clever now.
You have got your breath back.
The goblin hits you but does no damage.
426 ||| INVOKING Spit Poison.
Aiming: Spit Poison (2% risk of failure)
Press: ? - help, Shift-Dir - straight line, f/p - goblin The splash of poison misses the goblin.
The splash of poison misses the hobgoblin.
The goblin barely misses you.
You shoot an arrow. The arrow hits the goblin.
You kill the goblin!
The hobgoblin hits you.
You shoot an arrow. The arrow hits the hobgoblin.
The hobgoblin is moderately wounded.
The hobgoblin hits you.
You die...

... .. .. ...###.#..
.........#
.#.......#
.........# #.......#
#.......#
###.##.####'######.#
......gg@)...).....#
###.##)####<#####..#
#. #.# #g #.# .? #.#
#g #)# .. #.# #g ###


You could see 2 hobgoblins.

Vanquished Creatures
  Robin (D:2)
  An adder (D:2)
  A ball python (D:1)
  2 bats (D:1)
  2 endoplasms (D:1)
  A giant cockroach (D:1)
  3 hobgoblins (D:1)
  2 kobolds (D:1)
  2 quokkas (D:1)
  A frilled lizard (D:1)
  9 goblins
25 creatures vanquished.

Notes
Turn   | Place    | Note
-------+----------+-------------------------------------------
     0 | D:1      | qw the Naga Hunter began the quest for the Orb.
     0 | D:1      | Reached XP level 1. HP: 19/19 MP: 1/1
     0 | D:1      | 0 ||| qw: Version: 0.2-a-122-gbc61b45
     0 | D:1      | 0 ||| qw: Game counter: 3680
     0 | D:1      | 0 ||| qw: Always use a shield: true
     0 | D:1      | 0 ||| qw: God list: Okawaru
     0 | D:1      | 0 ||| qw: Allow faded altars: false
     0 | D:1      | 0 ||| qw: Do Orc after D:15 true
     0 | D:1      | 0 ||| qw: Do second Lair branch before Depths: true
     0 | D:1      | 0 ||| qw: Lair rune preference: random
     0 | D:1      | 0 ||| qw: Plans: Normal
     0 | D:1      | 0 ||| PLANNING D:1-11
    43 | D:1      | 43 ||| INVOKING Spit Poison.
    48 | D:1      | 48 ||| INVOKING Spit Poison.
    86 | D:1      | 86 ||| INVOKING Spit Poison.
    93 | D:1      | 93 ||| INVOKING Spit Poison.
    95 | D:1      | Reached skill level 4 in Ranged Weapons
    95 | D:1      | Reached XP level 2. HP: 26/26 MP: 2/2
   152 | D:1      | 152 ||| INVOKING Spit Poison.
   158 | D:1      | 158 ||| INVOKING Spit Poison.
   163 | D:1      | 163 ||| INVOKING Spit Poison.
   213 | D:1      | 213 ||| INVOKING Spit Poison.
   217 | D:1      | 217 ||| INVOKING Spit Poison.
   374 | D:1      | 374 ||| DRINKING 2 dark potions.
   375 | D:1      | 375 ||| DROPPING scroll of butterflies.
   376 | D:1      | 376 ||| DROPPING potion of brilliance.
   394 | D:2      | 394 ||| INVOKING Spit Poison.
   399 | D:2      | 399 ||| INVOKING Spit Poison.
   404 | D:2      | 404 ||| INVOKING Spit Poison.
   405 | D:2      | Reached XP level 3. HP: 23/32 MP: 3/3
   405 | D:2      | Noticed Robin
   408 | D:2      | 408 ||| Stepping ~*~*~tactically~*~*~ (outnumbered).
   410 | D:2      | 410 ||| INVOKING Spit Poison.
   416 | D:2      | 416 ||| INVOKING Spit Poison.
   417 | D:2      | HP: 7/32 [Robin/+0 spear (4)]
   418 | D:2      | HP: 2/32 [goblin/+0 club[Robin] (4)]
   420 | D:2      | 420 ||| INVOKING Spit Poison.
   423 | D:2      | Killed Robin
   426 | D:2      | 426 ||| INVOKING Spit Poison.
   427 | D:2      | HP: 4/32 [hobgoblin[Robin] (1)]
   428 | D:2      | Slain by a hobgoblin

Levels and vault maps discovered:
D:1:      psy_arrival_terrarium, layout_rooms
D:2:      layout_basic, uniq_sigmund, uniq_robin

Skill      XL: |  1 |
---------------+----+-----
Ranged Weapons | 4 |  4.9
Fighting       | |  2.0
Dodging        | |  1.5
Stealth        | |  1.5

Action                     || total
---------------------------++-------
   Fire: Shortbow          ||    56
Ability: Spit Poison       ||    16
    Use: Potion            ||     1
 Armour: Leather armour    ||     7
  Dodge: Dodged            ||    18

Table legend:
 A = Non-vault XP
 B = Vault XP
 C = Vault XP percentage of total XP
 D = Non-vault monster count
 E = Vault monster count
 F = Vault count percentage of total count
                 A         B        C        D         E       F
            +---------+---------+-------+---------+---------+-------
      Total |      41 |      31 |  43.1 |      16 |       9 |  36.0
            +---------+---------+-------+---------+---------+-------
        D:1 |      28 |       0 |   0.0 |      15 |       0 |   0.0
        D:2 |      13 |      31 |  70.5 |       1 |       9 |  90.0
            +---------+---------+-------+---------+---------+-------
